 Dungeon Crawl Stone Soup version 0.29.1-14-g9c671dbff4 (webtiles) character file.

Game seed: 2527354202714111544

5 KittyFluff the Trooper (level 1, -8/14 HPs)
             Began as a Gargoyle Berserker on Feb 19, 2023.
             Was a Follower of Trog.
             Mangled by a worm (9 damage)
             ... on level 1 of the Dungeon.
             The game lasted 00:00:42 (208 turns).

KittyFluff the Trooper (Gargoyle Berserker)          Turns: 208, Time: 00:00:43

Health: -8/14      AC:  4    Str: 20    XL:     1   Next: 80%
Magic:  1/1        EV: 11    Int:  7    God:    Trog [*.....]
Gold:   8          SH:  0    Dex:  9    Spells: 0/0 levels left

rFire   . . .      SeeInvis .   a - +0 mace
rCold   . . .      Faith    .   (no shield)
rNeg    + . .      Spirit   .   b - +0 animal skin
rPois   ∞          Reflect  .   (no helmet)
rElec   +          Harm     .   (no cloak)
rCorr   .          Rampage  .   (no gloves)
Will    .....                   (no boots)
Stlth   +.........              (no amulet)
HPRegen 0.04/turn               (no ring)
MPRegen 0.07/turn               (no ring)

@: no status effects
A: sickness immunity, AC +2, negative energy resistance 1, electricity
resistance, torment resistance 1, petrification resistance
a: Renounce Religion, Berserk


You were on level 1 of the Dungeon.
You worshipped Trog.
Trog was aware of your devotion.
You visited 1 branch of the dungeon, and saw 1 of its levels.

You collected 8 gold pieces.

Inventory:

Hand Weapons
 a - a +0 mace (weapon)
Armour
 b - a +0 animal skin (worn)
Scrolls
 c - 2 scrolls of blinking {unknown}
Potions
 d - a potion of curing {unknown}


   Skills:
 + Level 3.4 Fighting
 + Level 3.1 Maces & Flails
 * Level 2.3 Armour
 + Level 1.6 Dodging


You couldn't memorise any spells.
You didn't know any spells.
Your spell library was empty.

Dungeon Overview and Level Annotations

Branches:
Dungeon (1/15)

Altars:


Innate Abilities, Weirdness & Mutations

You are immune to sickness and miasma.
Your stone body is resilient. (AC +2)
You are immune to poison.
You resist negative energy. (rN+)
You are resistant to electric shocks. (rElec)
You are resistant to unholy torment.
You are immune to petrification.


Message History

Found a puce potion.
The kobold closely misses you.
You hit the kobold.
You kill the kobold!
Trog accepts your kill.
Things that are here:
a +0 short sword; 5 stones; a kobold corpse You now have 8 gold pieces.
A ball python comes into view.
You see here a puce potion.
d - a puce potion
Found 5 gold pieces.
The ball python hisses angrily.
A worm comes into view.
The ball python bites you but does no damage.
The ball python grabs you. The ball python constricts you.
You barely miss the ball python. The ball python bites you.
The ball python constricts you.
You hit the ball python but do no damage.
The ball python bites you. The ball python constricts you.
The ball python bites you but does no damage.
The ball python constricts you.
You hit the ball python.
You kill the ball python!
Trog accepts your kill.
You see here a ball python corpse.
You thump the worm!
The worm is heavily wounded.
The worm barely misses you.
You hit the worm.
The worm is severely wounded.
The worm bites you!
Ouch! That really hurt!
* * * LOW HITPOINT WARNING * * *
You barely miss the worm. You punch the worm, but do no damage.
The worm is severely wounded.
You hit the worm.
The worm is almost dead.
The worm bites you!
Ouch! That really hurt!
You die...

.................>.
#.......#.#.#.....
#.......#.#.#.....
##......#.#.#.....
#..........)######
#...........#
###...........#
#.............#
#..@..#####+#.#
#..w..# #.#
.........# #.#
####...$.# #.#
...##### #.# ....
.^..^ .....


You could see a worm.

Vanquished Creatures
  A ball python (D:1)
  2 jackals (D:1)
  A kobold (D:1)
4 creatures vanquished.

Notes
Turn   | Place    | Note
-------+----------+-------------------------------------------
     0 | D:1      | KittyFluff the Gargoyle Berserker began the quest for the
                  | Orb.
     0 | D:1      | Reached XP level 1. HP: 14/14 MP: 1/1
   208 | D:1      | Mangled by a worm

Illustrated notes

Levels and vault maps discovered:
D:1:      psy_arrival_heroes, layout_basic,
          shapermc_ecumenical_altar_mp_highgroup, chequers_jeans,
          nicolae_wormholes

Action                   || total
-------------------------++-------
Melee: Mace              ||    17
       Punch             ||     1
Armor: Animal skin       ||     9
Dodge: Dodged            ||    11
